 Dungeon Crawl Stone Soup version 0.29.0-7-g18a832c13a (webtiles) character file.

Game seed: 6906879966607396579

150 apoch the Covered (level 5, -4/47 HPs)
             Began as a Minotaur Fighter on Aug 30, 2022.
             Was a Priest of Makhleb.
             Killed by divine providence
             ... invoked by an orc priest
              (11 damage)
             ... on level 4 of the Dungeon.
             The game lasted 00:09:21 (2611 turns).

apoch the Covered (Minotaur Fighter)                Turns: 2611, Time: 00:09:22

Health: -4/47      AC: 17    Str: 23    XL:     5   Next: 10%
Magic:  5/5        EV:  7    Int:  5    God:    Makhleb [***...]
Gold:   52         SH:  4    Dex:  9    Spells: 4/4 levels left

rFire   . . .      SeeInvis .   a - +0 war axe
rCold   . . .      Faith    .   c - +0 buckler
rNeg    . . .      Spirit   .   u - +1 chain mail
rPois   .          Reflect  .   (helmet restricted)
rElec   .          Harm     .   (no cloak)
rCorr   .          Rampage  .   s - +2 pair of gloves
Will    +....                   (no boots)
Stlth   ..........              (no amulet)
HPRegen 0.15/turn               l - +4 ring of protection
MPRegen 0.09/turn               o - ring of willpower

@: no status effects
A: horns 2, retaliatory headbutt
a: Renounce Religion, Minor Destruction, Lesser Servant of Makhleb


You were on level 4 of the Dungeon.
You worshipped Makhleb.
Makhleb was most pleased with you.
You visited 1 branch of the dungeon, and saw 4 of its levels.

You collected 126 gold pieces.
You spent 74 gold pieces at shops.

Inventory:

Hand Weapons
 a - a +0 war axe (weapon)
Missiles
 e - 12 stones (quivered)
 j - 17 poisoned darts
Armour
 b - a +0 scale mail
 c - a +0 buckler (worn)
 s - a +2 pair of gloves (worn)
 u - a +1 chain mail (worn)
Jewellery
 l - a +4 ring of protection (left hand)
 o - a ring of willpower (right hand)
Wands
 n - a wand of paralysis (6)
Scrolls
 m - 2 scrolls of noise
 q - a scroll of summoning
Potions
 d - a potion of might
 f - a potion of heal wounds
 g - a potion of lignification
 h - 3 potions of curing
 i - a potion of berserk rage
 k - a potion of invisibility
 p - 2 potions of flight
 t - a potion of cancellation
 v - a potion of haste {unknown}


   Skills:
 + Level 4.5 Fighting
 * Level 4.4 Axes
 + Level 4.5 Armour
 - Level 3.7 Shields
 + Level 1.7 Invocations


You had 4 spell levels left.
You didn't know any spells.
Your spell library contained the following spells:

 Spells                   Type           Power      Damage    Failure   Level
 Sandblast                Erth           0%         2d4       99%         1
 Passwall                 Tmut/Erth      0%         N/A       100%        2
 Gell's Gravitas          Tloc           0%         N/A       100%        3
 Lesser Beckoning         Tloc           0%         N/A       100%        3
 Stone Arrow              Conj/Erth      0%         3d7       100%        3
 Teleport Other           Tloc           0%         N/A       100%        3
 Iskenderun's Battlesphe  Conj           0%         2d6       100%        5
 Iron Shot                Conj/Erth      0%         9d1       100%        6
 Spellforged Servitor     Conj/Summ      0%         N/A       100%        7


Dungeon Overview and Level Annotations

Branches:
Dungeon (4/15)
 Temple: D:4-7

Altars:
Fedhas
Kikubaaqudgha
Makhleb
Ru
The Shining One

Shops:
D:4 ![*


Innate Abilities, Weirdness & Mutations

You have a pair of horns on your head.
You reflexively headbutt those who attack you in melee.


Message History

The orc priest hits you but does no damage.
The orc hits you but does no damage.
The orc priest hits you but does no damage.
You see here a +0 club.
You barely miss the orc priest.
The orc priest is moderately wounded.
You closely miss the orc. You closely miss the orc priest.
The orc hits you but does no damage. The orc priest barely misses you.
You furiously retaliate!
You headbutt the orc priest.
The orc priest calls down the wrath of Beogh upon you.
Beogh smites you!
The orc priest hits you but does no damage.
The orc closely misses you.
The orc priest hits you but does no damage.
You barely miss the orc priest.
The orc priest is heavily wounded.
You barely miss the orc.
You hit the orc priest but do no damage.
The orc closely misses you.
The orc priest looks braver for a moment.
The orc priest invokes the aid of Beogh against you.
You resist with some effort.
You closely miss the orc priest.
The orc priest is heavily wounded.
You closely miss the orc. You closely miss the orc priest.
The orc hits you but does no damage. The orc priest hits you with a +0 mace.
* * * LOW HITPOINT WARNING * * *
The orc priest hits you but does no damage.
You barely miss the orc priest. Your headbutt misses the orc priest.
The orc priest is heavily wounded.
You slash the orc priest! You hit the orc but do no damage.
The orc hits you with a +0 club.
* * * LOW HITPOINT WARNING * * *
The orc priest calls down the wrath of Beogh upon you.
Beogh smites you!
* * * LOW HITPOINT WARNING * * *
You block the orc priest's attack. x2
The orc priest mumbles some strange prayers to Beogh against you.
Beogh smites you!
You die...

#...##.#...#..........
####..##.............#..
###.##............)..###..
#.....∩...........).###...
##.....####...........#...
####).### ..##...........
#....##..########....#
#.......# ###..# ##..o@..#
#... #..oo..# ##..
#........# #..
#...........# ##.
#######......# #.
...##...# #. ..## #... ##
.## ##. #. ## #.


You could see 2 orc priests and an orc.

Vanquished Creatures
  A hound (D:4)
  An adder (D:4)
  4 worms
  2 dart slugs
  6 orcs
  6 ball pythons
  8 endoplasms
  5 giant cockroaches
  6 goblins
  7 hobgoblins
  8 jackals (D:4)
  3 quokkas
  9 bats
  7 frilled lizards
  8 kobolds
  2 rats (D:2)
83 creatures vanquished.

Vanquished Creatures (others)
  2 fungi (D:1)
  2 withered plants (D:4)
4 creatures vanquished.

Grand Total: 87 creatures vanquished

Notes
Turn   | Place    | Note
-------+----------+-------------------------------------------
     0 | D:1      | apoch the Minotaur Fighter began the quest for the Orb.
     0 | D:1      | Reached XP level 1. HP: 19/19 MP: 0/0
    91 | D:1      | Found a faded altar of an unknown god.
   101 | D:1      | Prayed at the altar of an unknown god.
   101 | D:1      | Became a worshipper of Makhleb the Destroyer
   101 | D:1      | Reached * piety under Makhleb
   174 | D:1      | Reached XP level 2. HP: 26/27 MP: 1/1
   563 | D:1      | Reached ** piety under Makhleb
   722 | D:2      | Reached XP level 3. HP: 33/33 MP: 2/2
   844 | D:2      | Reached skill level 1 in Invocations
  1168 | D:3      | Found a sacrificial altar of Ru.
  1219 | D:3      | Found a glowing golden altar of the Shining One.
  1612 | D:3      | Reached XP level 4. HP: 40/40 MP: 3/3
  1814 | D:3      | Found a blossoming altar of Fedhas.
  2210 | D:4      | Reached *** piety under Makhleb
  2211 | D:4      | Found an ancient bone altar of Kikubaaqudgha.
  2233 | D:4      | Found Ufoblil's Armour Shop.
  2253 | D:4      | Reached XP level 5. HP: 47/47 MP: 5/5
  2303 | D:4      | Found Leisyxt's Assorted Antiques.
  2313 | D:4      | Bought a white potion for 17 gold pieces
  2313 | D:4      | Bought a scroll labelled INAEV WIJOJAE for 19 gold pieces
  2313 | D:4      | Bought a scroll of identify for 38 gold pieces
  2588 | D:4      | Found Jingomug's Distillery.
  2611 | D:4      | Killed from afar by an orc priest

Illustrated notes

Levels and vault maps discovered:
D:1:      tarquinn_simple_flora_water_d, layout_loops_cross,
          ebering_ecumenical_altar_abandoned, minmay_pentomino_p2
D:2:      layout_rooms
D:3:      layout_basic, mainiacjoe_overflow_paths, mainiacjoe_overflow_alcove_1,
          nicolae_overflow_hidden_temple
D:4:      layout_layer_cave, kiku_gazebo_garden_becter, serial_shops,
          nicolae_square_shop, nicolae_stop_n_shop_2, nicolae_square_shop,
          kennysheep_generic_room_13

Skill      XL: |  1  2  3  4 |
---------------+-------------+-----
Axes           | 3 4 |  4.4
Fighting       | 4 |  4.5
Armour         | 4 |  4.5
Invocations    | 1 |  1.7
Shields        | |  3.7

Action                   |  1- 3 |  4- 6 || total
-------------------------+-------+-------++-------
Melee: War axe           |   113 |    62 ||   175
       Headbutt          |    18 |    10 ||    28
Throw: Stone             |     4 |    11 ||    15
  Use: Scroll            |       |    14 ||    14
Armor: Scale mail        |    66 |     2 ||    68
       Chain mail        |       |    64 ||    64
Dodge: Dodged            |    59 |    30 ||    89
Block: Buckler           |    24 |    21 ||    45
